 Dungeon Crawl Stone Soup version 0.29.0-4-gdea44cf6ec (webtiles) character file.

Game seed: 16778915601378005265

557 qw the Cleaver (level 7, -2/88 HPs)
             Began as a Minotaur Berserker on Sept 8, 2022.
             Was a Priest of Trog.
             Killed from afar by Ijyb (15 damage)
             ... with a bolt of dispelling energy
             ... on level 4 of the Dungeon.
             The game lasted 00:00:55 (2850 turns).

qw the Cleaver (Minotaur Berserker)                 Turns: 2850, Time: 00:00:56

Health: -2/88      AC: 10    Str: 23    XL:     7   Next: 9%
Magic:  6/6        EV:  8    Int:  4    God:    Trog [***...]
Gold:   113        SH:  0    Dex: 10    Spells: 6/6 levels left

rFire   . . .      SeeInvis .   Y - +0 hand axe
rCold   . . .      Faith    .   (no shield)
rNeg    . . .      Spirit   .   e - +0 chain mail
rPois   +          Reflect  .   (helmet restricted)
rElec   .          Harm     .   l - +0 cloak
rCorr   .          Rampage  .   (no gloves)
Will    +....                   (no boots)
Stlth   ..........              (no amulet)
HPRegen 0.24/turn               (no ring)
MPRegen 0.10/turn               (no ring)

@: berserking (expiring), very quick
A: horns 2, retaliatory headbutt, strong-willed 1, poison resistance, MP-powered
wands
a: Renounce Religion, Berserk, Trog's Hand


You were on level 4 of the Dungeon.
You worshipped Trog.
Trog was most pleased with you.
You visited 1 branch of the dungeon, and saw 4 of its levels.

You collected 136 gold pieces.
You spent 23 gold pieces at shops.


Innate Abilities, Weirdness & Mutations

You have a pair of horns on your head.
You reflexively headbutt those who attack you in melee.
You are strong-willed. (Will+)
Your system is resistant to poisons. (rPois)
You expend magic power (3 MP) to strengthen your wands.


   Skills:
 + Level 4.2 Fighting
 - Level 9.0 Axes
 - Level 1.0 Throwing
 - Level 3.6 Armour
 - Level 2.1 Dodging


You had 6 spell levels left.
You didn't know any spells.
Your spell library was empty.

Inventory:

Hand Weapons
 g - a +0 flail
 Y - a +0 hand axe (weapon)
Missiles
 h - 4 javelins (quivered)
 j - 8 boomerangs
Armour
 e - a +0 chain mail (worn)
 l - a +0 cloak (worn)
Scrolls
 b - a scroll of identify
Potions
 a - a potion of cancellation
 c - a potion of resistance
 d - a potion of might {unknown}
 k - 2 potions of mutation
 o - a potion of brilliance {unknown}

Dungeon Overview and Level Annotations

Branches:
Dungeon (4/15)
 Temple: D:4-7

Altars:

Shops:
D:1 *

Annotations:
D:4 Ijyb


Message History

You barely miss Blork the orc.
Blork the orc is almost dead.
You closely miss the lemure. You hit the lemure. The lemure hits you.
The lemure closely misses you. You furiously retaliate!
You headbutt the lemure.
A kobold comes into view. It is wielding a +0 short sword.
Blork the orc screams, "I'm much stronger than you!"
Blork the orc points at you and mumbles some strange words.
The puff of flame hits you.
You hit Blork the orc. You headbutt Blork the orc.
You kill Blork the orc!
Trog accepts your kill.
Trog appreciates your killing of a magic user.
You closely miss the lemure. You slash the lemure!
Your Armour skill increases to level 3!
You have reached level 7!
You barely miss the lemure.
The lemure is heavily wounded.
You slash the lemure! The lemure hits you but does no damage.
Ijyb throws a stone.
The stone hits you. The lemure barely misses you.
You slash the lemure! Your headbutt misses the lemure.
The lemure is almost dead.
You slash the lemure! You closely miss the lemure. You headbutt the lemure.
You kill the lemure!
That felt strangely unrewarding.
You completely miss the lemure.
Ijyb zaps a wand.
The bolt of dispelling energy hits you!!
The lemure hits you but does no damage.
You closely miss the lemure. You headbutt the lemure.
You kill the lemure!
That felt strangely unrewarding.
Ijyb screams, "Level is mine!
All mine!"
Ijyb zaps a wand.
The bolt of dispelling energy misses you.
You slash the lemure!
The lemure is heavily wounded.
Ijyb screams, "Me very upset!"
Ijyb zaps a wand.
The bolt of dispelling energy hits you!
You die...

......###
.......
#.....###
#....... .###
#.....# .....
#.....#
...g.##.....#
......).5<#.#
......).@...#
......).)..K#
......).........
............#...
........##....##
.....$... .....
.?##..... ......
.. #..... ..#...
#.....# ..


You could see a lemure, Ijyb and a kobold.

Vanquished Creatures
  Sigmund (D:3)
  2 lemures (D:4)
  Blork the orc (D:4)
  2 orc priests (D:3)
  Jessica (D:2)
  2 orc wizards (D:3)
  An adder (D:3)
  7 gnolls
  An ufetubus (D:3)
  2 worms
  4 dart slugs
  13 orcs (D:3)
  7 ball pythons
  8 bats
  9 endoplasms
  2 giant cockroaches
  7 goblins
  3 hobgoblins
  6 kobolds
  A quokka (D:3)
  4 frilled lizards
  6 rats
90 creatures vanquished.

Notes
Turn   | Place    | Note
-------+----------+-------------------------------------------
     0 | D:1      | qw the Minotaur Berserker began the quest for the Orb.
     0 | D:1      | Reached XP level 1. HP: 19/19 MP: 0/0
     0 | D:1      | 0 ||| qw: Version: 0.1-a-112-g44dc6cd
     0 | D:1      | 0 ||| qw: Game counter: 6849
     0 | D:1      | 0 ||| qw: Always use a shield: true
     0 | D:1      | 0 ||| qw: Do Orc after D:15 true
     0 | D:1      | 0 ||| qw: Do second Lair branch before Depths: true
     0 | D:1      | 0 ||| qw: Lair rune preference: random
     0 | D:1      | 0 ||| qw: Plans: Normal
     0 | D:1      | 0 ||| PLANNING D:1-11
   102 | D:1      | Reached skill level 4 in Axes
   250 | D:1      | 250 ||| Stepping ~*~*~tactically~*~*~ (stealth).
   263 | D:1      | Reached XP level 2. HP: 21/26 MP: 1/1
   444 | D:1      | Found Cuischosa's Assorted Antiques.
   457 | D:1      | 457 ||| BUYING amethyst potion (23 gold).
   457 | D:1      | Bought an amethyst potion for 23 gold pieces
   457 | D:1      | 457 ||| SHOPLISTING sapphire potion (23 gold, have 12).
   457 | D:1      | 457 ||| SHOPLISTING scroll labelled SUAVIL MORPH (26 gold,
                  | have 12).
   457 | D:1      | 457 ||| SHOPLISTING scroll labelled VAICVO GIUFY (26 gold,
                  | have 12).
   468 | D:1      | Found a faded altar of an unknown god.
   670 | D:1      | Reached skill level 5 in Axes
   910 | D:1      | 910 ||| UPGRADING to +0 ring mail.
   920 | D:1      | 920 ||| DROPPING +0 animal skin.
   921 | D:1      | 921 ||| UPGRADING to +0 cloak.
   926 | D:1      | 926 ||| READING scroll labelled TETAVUYLLA.
   927 | D:1      | 927 ||| READING scroll labelled GOLOBI ZOSU.
   928 | D:1      | 928 ||| READING scroll labelled YDUC UX ACOA.
   991 | D:2      | Reached ** piety under Trog
   992 | D:2      | Reached XP level 3. HP: 31/31 MP: 2/2
  1186 | D:2      | Reached skill level 1 in Throwing
  1273 | D:2      | 1273 ||| INVOKING Berserk.
  1484 | D:2      | Noticed Jessica
  1490 | D:2      | Killed Jessica
  1491 | D:2      | Reached XP level 4. HP: 37/39 MP: 3/3
  1701 | D:2      | 1701 ||| DROPPING +0 club.
  1702 | D:2      | 1702 ||| UPGRADING to +0 scale mail.
  1712 | D:2      | 1712 ||| DROPPING +0 ring mail.
  1713 | D:2      | 1713 ||| READING 3 scrolls labelled SUAVIL MORPH.
  1714 | D:2      | 1714 ||| READING 2 scrolls labelled ZUYSKO SEGEORA.
  1715 | D:2      | 1715 ||| DRINKING 2 amethyst potions.
  1716 | D:2      | 1716 ||| DRINKING 3 dark potions.
  1716 | D:2      | Gained mutation: You expend magic power (3 MP) to
                  | strengthen your wands. [potion of mutation]
  1716 | D:2      | Gained mutation: Your system is resistant to poisons.
                  | (rPois) [potion of mutation]
  1716 | D:2      | Gained mutation: You are strong-willed. (Will+) [potion of
                  | mutation]
  1717 | D:2      | 1717 ||| READING 2 scrolls of identify.
  1717 | D:2      | 1717 ||| IDENTIFYING lumpy pink potion
  1718 | D:2      | 1718 ||| DROPPING scroll of poison.
  1719 | D:2      | 1719 ||| DROPPING potion of degeneration.
  1769 | D:3      | 1769 ||| INVOKING Berserk.
  1776 | D:3      | Reached skill level 6 in Axes
  1790 | D:3      | Reached XP level 5. HP: 30/45 MP: 4/4
  1802 | D:3      | 1802 ||| FLEEEEING.
  1803 | D:3      | 1803 ||| FLEEEEING.
  1804 | D:3      | 1804 ||| STAIRDANCE
  2005 | D:3      | 2005 ||| Stepping ~*~*~tactically~*~*~ (stealth).
  2238 | D:3      | 2238 ||| INVOKING Berserk.
  2240 | D:3      | Reached skill level 7 in Axes
  2413 | D:3      | 2413 ||| INVOKING Berserk.
  2418 | D:3      | Noticed Sigmund
  2428 | D:3      | Reached XP level 6. HP: 27/52 MP: 5/5
  2437 | D:3      | HP: 8/52 [Sigmund/+0 scythe (6)]
  2442 | D:3      | Killed Sigmund
  2443 | D:3      | Reached skill level 8 in Axes
  2447 | D:3      | Reached *** piety under Trog
  2718 | D:3      | 2718 ||| DROPPING +0 antimagic mace.
  2801 | D:3      | 2801 ||| UPGRADING to +0 chain mail.
  2811 | D:3      | 2811 ||| DROPPING +0 scale mail.
  2812 | D:3      | 2812 ||| READING scroll labelled VAICVO GIUFY.
  2815 | D:3      | 2815 ||| DRINKING 2 fuming silvery potions.
  2816 | D:3      | 2816 ||| READING 2 scrolls of identify.
  2816 | D:3      | 2816 ||| IDENTIFYING viscous dark potion
  2817 | D:3      | 2817 ||| DROPPING potion of magic.
  2829 | D:4      | Noticed Blork the orc
  2830 | D:4      | 2830 ||| INVOKING Berserk.
  2834 | D:4      | Reached skill level 9 in Axes
  2834 | D:4      | Noticed Ijyb
  2844 | D:4      | Killed Blork the orc
  2845 | D:4      | Reached skill level 3 in Armour
  2845 | D:4      | Reached XP level 7. HP: 34/59 MP: 6/6
  2847 | D:4      | HP: 12/88 [Ijyb/bolt of dispelling energy (21)]
  2850 | D:4      | Killed from afar by Ijyb

Levels and vault maps discovered:
D:1:      lightli_arrival_windingriver, layout_loops_ring, serial_shops, shop,
          ebering_ecumenical_altar_webs
D:2:      layout_loops_cross, amcnicky_mini_corridor_feature, glass_columns_a,
          minmay_curled_crystal, minmay_quantized, uniq_jessica
D:3:      layout_basic, uniq_sigmund
D:4:      layout_basic, minmay_temple_entry_glass, minmay_misc_feat_cross,
          grunt_ministairs_4, uniq_ijyb, uniq_blork_the_orc, uniq_pikel

Skill      XL: |  1  2  3  4  5  6 |
---------------+-------------------+-----
Axes           | 4 5 6 7 9 |  9.0
Throwing       | 1 |  1.0
Fighting       | 4 |  4.2
Armour         | 3 |  3.6
Dodging        | |  2.1

Action                   |  1- 3 |  4- 6 |  7- 9 || total
-------------------------+-------+-------+-------++-------
Melee: Hand axe          |    57 |    80 |     5 ||   142
       Headbutt          |     9 |     8 |     2 ||    19
Throw: Javelin           |    19 |    14 |       ||    33
       Boomerang         |       |     9 |       ||     9
Invok: Berserk           |     1 |     4 |       ||     5
  Use: Scroll            |     3 |     5 |       ||     8
       Potion            |       |     3 |       ||     3
Armor: Animal skin       |     4 |       |       ||     4
       Ring mail         |     7 |     9 |       ||    16
       Scale mail        |       |    24 |       ||    24
       Chain mail        |       |     5 |     2 ||     7
Dodge: Dodged            |    24 |    34 |     2 ||    60

Table legend:
 A = Non-vault XP
 B = Vault XP
 C = Vault XP percentage of total XP
 D = Non-vault monster count
 E = Vault monster count
 F = Vault count percentage of total count
                 A         B        C        D         E       F
            +---------+---------+-------+---------+---------+-------
      Total |     427 |     369 |  46.4 |      83 |       5 |   5.7
            +---------+---------+-------+---------+---------+-------
        D:1 |      40 |       0 |   0.0 |      21 |       0 |   0.0
        D:2 |      33 |      40 |  54.8 |      16 |       3 |  15.8
        D:3 |     290 |     239 |  45.2 |      39 |       1 |   2.5
        D:4 |      64 |      90 |  58.4 |       7 |       1 |  12.5
            +---------+---------+-------+---------+---------+-------
